 Dungeon Crawl Stone Soup version 0.26.0-45-g9c1d065592 (webtiles) character file.

Game seed: 16068081552289110408

1439 txstrosman the Conjurer (level 8, -3/52 HPs)
             Began as a Demonspawn Conjurer on Jan 28, 2021.
             Was a Believer of Sif Muna.
             Slain by a killer bee (9 damage)
             ... on level 7 of the Dungeon.
             The game lasted 01:09:07 (9540 turns).

txstrosman the Conjurer (Demonspawn Conjurer)       Turns: 9540, Time: 01:09:08

Health: -3/52      AC:  6    Str:  9    XL:     8   Next: 45%
Magic:  8/15       EV: 13    Int: 21    God:    Sif Muna [**....]
Gold:   198        SH:  5    Dex: 14    Spells: 16/19 levels left

rFire    + . .     SeeInvis .   n - +2 short sword (elec)
rCold    . . .     Faith    .   o - +1 buckler
rNeg     . . .     Spirit   .   a - +0 robe
rPois    +         Reflect  .   (no helmet)
rElec    +         Harm     .   (no cloak)
rCorr    .         Rampage  .   l - +0 pair of gloves {Dex+3}
Will     .....                  y - +0 pair of boots "Xodghodd" {rElec}
Stlth    ++........             (no amulet)
HPRegen  0.17/turn              (no ring)
MPRegen  0.14/turn              (no ring)

@: about to teleport
A: fangs 1, hooves 1, blink, fire resistance 1, low mp 1, poison resistance,
powered by death 1, electricity resistance, flame cloud immunity, sharp scales 2
a: Blink, Renounce Religion, Channel Magic


You were on level 7 of the Dungeon.
You worshipped Sif Muna.
Sif Muna was pleased with you.
You visited 1 branch of the dungeon, and saw 7 of its levels.

You collected 535 gold pieces.
You spent 337 gold pieces at shops.

Inventory:

Hand Weapons
 n - a +2 short sword of electrocution (weapon)
Armour
 a - a +0 robe (worn)
 l - a +0 pair of gloves of dexterity (worn)
 o - a +1 buckler (worn)
 s - a +0 pair of gloves
 y - the +0 pair of boots "Xodghodd" (worn) {rElec}
   (You found it on level 6 of the Dungeon)

   It insulates you from electricity.
Jewellery
 b - an uncursed ring of ice
 g - an uncursed ring of stealth
 j - an uncursed ring of flight
Wands
 c - a wand of polymorph (29)
 p - a wand of disintegration (17)
 r - a wand of digging (4)
 x - a wand of enslavement (4)
Scrolls
 e - 2 scrolls of teleportation
 f - 3 scrolls of amnesia
 u - 3 scrolls of fear
 v - 2 scrolls of remove curse
 z - a scroll of fog {unknown}
 A - a scroll of enchant weapon {unknown}
Potions
 d - a potion of invisibility {unknown}
 h - 3 potions of curing
 i - a potion of magic {unknown}
 k - 3 potions of cancellation
 m - a potion of brilliance {unknown}
 q - a potion of attraction {unknown}
 t - a potion of might {unknown}
 w - a potion of heal wounds


   Skills:
 - Level 2.9 Dodging
 - Level 1.7 Stealth
 * Level 2.3 Shields
 * Level 6.2 Spellcasting
 - Level 7.0 Conjurations
 * Level 3.0 Hexes
 * Level 2.9 Invocations
 - Level 1.0 Evocations


You had 16 spell levels left.
You knew the following spells:

 Your Spells              Type           Power        Failure   Level
a - Magic Dart            Conj           100%         1%          1
b - Searing Ray           Conj           72%          1%          2

Your spell library contained the following spells:

 Spells                   Type           Power        Failure   Level
 Dazzling Flash           Conj/Hex       54%          4%          3
 Fulminant Prism          Conj/Hex       13%          14%         4
 Iskenderun's Mystic Bla  Conj/Tloc      21%          26%         4


Dungeon Overview and Level Annotations

Branches:
Dungeon (7/15)             Temple (0/1) D:5

Altars:
Dithmenos
Elyvilon
Fedhas
Hepliaklqana
Makhleb
Ru
Sif Muna
Uskayaw
Zin
The Shining One

Shops:
D:5 ?


Innate Abilities, Weirdness & Mutations

You have large cloven feet.
Your flesh is heat resistant. (rF+)
You regenerate a little health from kills.
You are immune to clouds of flame.
You are mostly covered in razor-sharp scales. (AC +2, Slay +2)
You have very sharp teeth.
You can translocate small distances at will.
Your magical capacity is low. (-10% MP)
Your system is resistant to poisons. (rPois)
You are resistant to electric shocks. (rElec)


Message History

Sif Muna accepts your kill. The killer bee stings you!
You block the killer bee's attack.
Your Hexes skill increases to level 3!
The searing ray misses the killer bee. x2
You finish channeling your searing ray.
The killer bee closely misses you. The killer bee barely misses you.
Casting: Searing Ray (safe; 1% risk of failure)
Confirm with . or Enter, or press ? or * to list all spells.
You don't know that spell.
You blink.
You block the killer bee's attack.
You blink.
The killer bee barely misses you. The killer bee stings you.
* * * LOW HITPOINT WARNING * * *
You block the killer bee's attack.
You blink.
The killer bee stings you but does no damage.
The killer bee closely misses you.
You blink.
As you read the scroll of teleportation, it crumbles to dust.
You feel strangely unstable. The killer bee stings you!
You die...

#.#####.# .. #.......#
.....# #<####..# #....#
. #.####.†###....# ..
#..............# ...
######.>####.### ... .#
#........... .. .#
#.#..####.#####.#####
'###.#..#..§.§yy@.......
...#.#..#.###y####.#####
...#.#..#..§..........
........######.###.###
...#.#.#####.....#
.#.....##...y....#
.#.....##........#
.#..##.##..y.....#
.#..##.##......#...


You could see 3 killer bees.

Vanquished Creatures
  An orc warrior (D:7)
  A sky beast (D:7)
  A wyvern zombie (D:6)
  A bullfrog (D:6)
  A scorpion (D:6)
  2 killer bees (D:7)
  3 howler monkeys
  5 orc wizards
  A bullfrog skeleton (D:5)
  3 orc priests (D:5)
  4 hounds
  3 iguanas
  4 centaur skeletons
  4 worker ants
  A hound skeleton (D:6)
  3 gnolls (D:3)
  8 adders
  A white imp (D:5)
  2 oozes
  An adder skeleton (D:5)
  2 worms
  2 dart slugs
  8 leopard geckos
  14 orcs
  A ball python (D:6)
  A giant cockroach (D:4)
  5 goblins
  3 hobgoblins
  10 jackals
  6 kobolds
  A quokka (D:4)
  7 bats
  A frilled lizard (D:4)
  A quokka skeleton (D:3)
  5 rats
117 creatures vanquished.

Notes
Turn   | Place    | Note
-------+----------+-------------------------------------------
     0 | D:1      | txstrosman the Demonspawn Conjurer began the quest for the
                  | Orb.
     0 | D:1      | Reached XP level 1. HP: 13/13 MP: 3/3
   369 | D:1      | Gained mutation: You are partially covered in razor-sharp
                  | scales. (AC +1, Slay +1) [demonic ancestry]
   369 | D:1      | Reached XP level 2. HP: 19/19 MP: 1/5
  1333 | D:2      | Found a blossoming altar of Fedhas.
  1336 | D:2      | Found a white marble altar of Elyvilon.
  1337 | D:2      | Found a burning altar of Makhleb.
  1338 | D:2      | Found a glowing silver altar of Zin.
  1338 | D:2      | Found a hide-covered altar of Uskayaw.
  1411 | D:2      | Gained mutation: You have large cloven feet. [demonic
                  | ancestry]
  1411 | D:2      | Reached XP level 3. HP: 2/24 MP: 0/6
  1411 | D:2      | Gained mutation: You are dopey. (Int -2) [potion of
                  | mutation]
  1411 | D:2      | Gained mutation: You are weak. (Str -2) [potion of
                  | mutation]
  1411 | D:2      | Gained mutation: You tend to lose your temper in combat.
                  | [potion of mutation]
  1411 | D:2      | Gained mutation: Your system is resistant to poisons.
                  | (rPois) [potion of mutation]
  1411 | D:2      | HP: 1/24 [poisoned by an adder]
  1474 | D:2      | Lost mutation: You are dopey. (Int -2) [potion of mutation]
  1474 | D:2      | Lost mutation: You are weak. (Str -2) [potion of mutation]
  1474 | D:2      | Lost mutation: You tend to lose your temper in combat.
                  | [potion of mutation]
  1474 | D:2      | Gained mutation: You can translocate small distances at
                  | will. [potion of mutation]
  1474 | D:2      | Gained mutation: You have very sharp teeth. [potion of
                  | mutation]
  1474 | D:2      | Gained mutation: Your magical capacity is low. (-10% MP)
                  | [potion of mutation]
  1474 | D:2      | Gained mutation: You are resistant to electric shocks.
                  | (rElec) [potion of mutation]
  2140 | D:2      | Learned a level 3 spell: Dazzling Flash
  3028 | D:2      | Reached skill level 5 in Conjurations
  3492 | D:3      | Gained mutation: You regenerate a little health from kills.
                  | [demonic ancestry]
  3492 | D:3      | Reached XP level 4. HP: 30/30 MP: 5/6
  3543 | D:3      | Found a faded altar of an unknown god.
  3862 | D:3      | Found a glowing golden altar of the Shining One.
  4232 | D:3      | Found a shimmering blue altar of Sif Muna.
  4241 | D:3      | Became a worshipper of Sif Muna the Loreminder
  4347 | D:3      | Gained mutation: Your flesh is heat resistant. (rF+)
                  | [demonic ancestry]
  4347 | D:3      | Reached XP level 5. HP: 31/35 MP: 1/8
  5006 | D:4      | Reached skill level 6 in Conjurations
  5066 | D:4      | Gained mutation: You are immune to clouds of flame.
                  | [demonic ancestry]
  5066 | D:4      | Reached XP level 6. HP: 41/41 MP: 7/10
  5112 | D:4      | Noticed a shadow
  5113 | D:4      | Found a shadowy altar of Dithmenos.
  5114 | D:4      | Found a hazy altar of Hepliaklqana.
  5540 | D:4      | Reached skill level 1 in Hexes
  6299 | D:5      | Entered Level 5 of the Dungeon
  6299 | D:5      | Found the +8 longbow "Zephyr" {speed, Dex+3 SInv}
  6498 | D:5      | Gained mutation: You are mostly covered in razor-sharp
                  | scales. (AC +2, Slay +2) [demonic ancestry]
  6498 | D:5      | Reached XP level 7. HP: 45/46 MP: 6/12
  6585 | D:5      | Reached skill level 1 in Shields
  6687 | D:5      | Found a hazy altar of Hepliaklqana.
  6789 | D:5      | Found a staircase to the Ecumenical Temple.
  6847 | D:5      | Found Cinif's Magic Scroll Emporium.
  6857 | D:5      | Bought a scroll of teleportation for 39 gold pieces
  6857 | D:5      | Bought a scroll of identify for 26 gold pieces
  6857 | D:5      | Bought a scroll of teleportation for 39 gold pieces
  6857 | D:5      | Bought a scroll of identify for 26 gold pieces
  6857 | D:5      | Bought 2 scrolls of identify for 52 gold pieces
  6857 | D:5      | Bought a scroll of fear for 45 gold pieces
  6857 | D:5      | Bought a scroll of fear for 45 gold pieces
  6857 | D:5      | Bought a scroll of identify for 26 gold pieces
  6857 | D:5      | Bought a scroll of remove curse for 39 gold pieces
  6941 | D:5      | Reached * piety under Sif Muna
  7407 | D:5      | Reached skill level 7 in Conjurations
  7412 | D:5      | Learned a level 2 spell: Searing Ray
  7425 | D:5      | Reached skill level 5 in Spellcasting
  7894 | D:6      | Reached skill level 1 in Invocations
  7972 | D:6      | Reached skill level 1 in Evocations
  8196 | D:6      | Reached XP level 8. HP: 52/52 MP: 9/14
  8294 | D:6      | Got a pair of spiked boots
  8324 | D:6      | Identified the cursed +0 pair of boots "Xodghodd" {rElec}
                  | (You found it on level 6 of the Dungeon)
  8815 | D:6      | Found a sacrificial altar of Ru.
  9411 | D:7      | Reached ** piety under Sif Muna
  9540 | D:7      | Slain by a killer bee

Illustrated notes

Levels and vault maps discovered:
D:1:      amcnicky_arrival_feature_with_door, layout_loops_ring
D:2:      layout_basic, grunt_temple_overflow_open
D:3:      wander_river, layout_rooms, general_overflow_altar,
          chequers_ecumenical_altar_simple_redux, led_sif_book
D:4:      layout_loops_ring, riverfiend_overflow_shadow_ancestor,
          minmay_joined_circles
D:5:      layout_rooms, lemuel_temple_firewalk_a, serial_rivers,
          chequers_serial_rivers_small_3, chequers_serial_rivers_micro_e,
          chequers_serial_rivers_micro_e, chequers_serial_rivers_micro_b,
          chequers_serial_rivers_micro_b, chequers_serial_rivers_small_a,
          serial_shops, kennysheep_little_box, basic_altar, nrook_uturn,
          hex_medium
D:6:      layout_basic, overflow_temple_1_default
D:7:      layout_basic

Skill      XL: |  1  2  3  4  5  6  7  8 |
---------------+-------------------------+-----
Dodging        | 2 |  2.9
Conjurations   | 5 6 7 |  7.0
Spellcasting   | 3 4 5 6 |  6.2
Hexes          | 1 2 3 |  3.0
Shields        | 1 2 |  2.3
Invocations    | 1 2 |  2.9
Evocations     | 1 |  1.0
Stealth        | |  1.7

Action                   |  1- 3 |  4- 6 |  7- 9 || total
-------------------------+-------+-------+-------++-------
Melee: Unarmed           |     7 |       |       ||     7
       Short sword       |       |    43 |    36 ||    79
       Bite              |       |     5 |     5 ||    10
       Kick              |       |     6 |     4 ||    10
 Cast: Magic Dart        |    90 |   117 |   107 ||   314
       Searing Ray       |       |       |    13 ||    13
 Abil: Blink             |     7 |     5 |     7 ||    19
  Use: Potion            |     4 |     2 |       ||     6
       Scroll            |       |     7 |    12 ||    19
Armor: Robe              |    11 |    10 |    15 ||    36
Dodge: Dodged            |    33 |    24 |    31 ||    88
Block: Buckler           |       |     2 |    12 ||    14
